AoeStats
← TheHornyDonkey

Nomad

509419328Analyzed
2v2 RM · 7d ago on Sep 26, 2026· 57m 44s· 4 players
Game mode
Random Map
Map size
176×176
Population
200
Speed
Normal
Resources
Standard
Victory
Conquest
Starting age
Dark Age
Ending age
Imperial Age
RankedLock teamsTeams togetherTeam positionsShared explorationLock speedFull tech treeHidden civsTurbo modeCheats
Victory
Defeat
🇧🇷 Huns · Brazil
847
+18
🇧🇷 Varangians · Brazil
841
+18
🇩🇪 Malay · Germany
908
-19
🇬🇧 Dravidians · United Kingdom
871
-17
TheHornyDonkey
5:24 Loom
15:51 Feudal Age
16:39 Horse Collar
16:47 Man-at-Arms
19:25 Forging
19:15 Arson
22:26 Scale Barding Armor
22:23 Scale Mail Armor
22:22 Double-Bit Axe
27:02 Castle Age
31:58 Iron Casting
35:54 Gold Mining
36:45 Chain Mail Armor
36:15 Long Swordsman
37:41 Gambesons
37:59 Squires
38:08 Town Watch
39:02 Wheelbarrow
38:21 Fletching
39:49 Heavy Plow
41:12 Bodkin Arrow
43:18 Chain Mail Armor
43:32 Hand Cart
52:44 Imperial Age
54:19 Bracer
54:20 Padded Archer Armor
strahil_2009
4:11 Loom
18:19 Feudal Age
18:48 Wheelbarrow
18:11 Double-Bit Axe
25:29 Castle Age
23:31 Fishing Lines
25:42 Hand Cart
25:47 Forging
25:31 Fletching
25:24 Pikeman
26:05 Squires
26:12 Gillnets
30:20 Horse Collar
34:53 Heavy Plow
37:47 Imperial Age
38:34 Capped Ram
39:34 Crossbowman
44:09 Crop Rotation
43:32 Elite Karambit Warrior
45:10 Arbalester
45:56 Thumb Ring
48:51 Chemistry
48:13 Ballistics
48:51 Bow Saw
Cryex
14:17 Feudal Age
22:30 Castle Age
30:04 Husbandry
30:52 Horse Collar
31:47 Forging
31:44 Scale Barding Armor
32:07 Fishing Lines
34:27 Double-Bit Axe
36:21 Gold Mining
36:25 Stone Mining
39:28 Wheelbarrow
38:39 Loom
39:24 Heavy Plow
39:38 Bow Saw
41:57 Marauders
44:44 Imperial Age
44:49 Elite Tarkan
47:36 Hand Cart
50:04 Iron Casting
59:04 Blast Furnace
DiPunisher
3:39 Loom
14:23 Feudal Age
17:17 Double-Bit Axe
18:14 Fishing Lines
21:05 Castle Age
21:38 Gambesons
21:55 Squires
21:42 Arson
22:14 Forging
22:05 Scale Mail Armor
23:38 Bow Saw
24:45 Husbandry
26:59 Wheelbarrow
27:05 Medium Warships
29:47 Horse Collar
31:06 Pikeman
32:27 Fletching
34:16 Hand Cart
33:48 Town Watch
34:34 Gillnets
37:26 Ballistics
41:44 Imperial Age
40:46 Bloodlines
40:20 Treadmill Crane
40:42 Murder Holes
42:50 Conscription
45:00 Heavy Warships
48:00 Elite Jarl
49:07 Gothikon
52:35 Cavalier
Connection lost

Rejoining the realm…

Still unreachable

The connection could not be restored.

Session expired

The server has moved on; the page needs a fresh start.